 Dungeon Crawl Stone Soup version 0.31-a0-960-g0fca184906 (webtiles) character file.

Game seed: 11709921284579397215

15985 Dirtsage the Slicer (level 12, -2/94 HPs)
             Began as a Demonspawn Berserker on Oct 22, 2023.
             Was a High Priest of Trog.
             Killed from afar by an ice statue (21 damage)
             ... with a bolt of cold
             ... in an ice cave.
             The game lasted 00:24:32 (9086 turns).

Dirtsage the Slicer (Demonspawn Berserker)          Turns: 9086, Time: 00:24:33

Health: -2/94      AC: 18    Str: 21    XL:     12   Next: 6%
Magic:  12/12      EV: 22    Int: 10    God:    Trog [*****.]
Gold:   512        SH:  0    Dex: 21    Spells: 11/11 levels left

rFire   . . .        E - +1 scimitar (flame)
rCold   . . .        (no shield)
rNeg    . . .        w - +2 leather armour of Sin {Will+ Str+4 Dex+4}
rPois   .            (helmet restricted)
rElec   .            (no cloak)
rCorr   .            C - +0 pair of gloves
SInv    .            z - +0 pair of boots
Will    +....        b - amulet of reflection
Stlth   +            d - +5 ring of evasion
HPRegen 0.35/turn    g - +4 ring of protection
MPRegen 0.13/turn

%: reflection
@: confused, ambrosia-drunk, sanguine armoured, on berserk cooldown, hasted and
slowed
A: horns 1, powered by death 1, sanguine armour 1, demonic magic 1
a: Renounce Religion, Berserk, Trog's Hand, Brothers in Arms


You were in an ice cave.
You worshipped Trog.
Trog was extremely pleased with you.
You visited 3 branches of the dungeon, and saw 12 of its levels.
You also visited: Ice Cave.

You collected 602 gold pieces.
You spent 90 gold pieces at shops.

Inventory:

Hand Weapons
 E - a +1 scimitar of flaming (weapon)
Missiles
 a - 3 throwing nets
 l - 4 curare-tipped darts
Armour
 v - a +0 scale mail
 w - the +2 leather armour of Sin (worn) {Will+ Str+4 Dex+4}
   (You found it on level 4 of the Dungeon)

   Str+4:     It affects your strength (+4).
   Dex+4:     It affects your dexterity (+4).
   Will+:     It increases your willpower.
 z - a +0 pair of boots (worn)
 C - a +0 pair of gloves (worn)
Jewellery
 b - an amulet of reflection (around neck)
 d - a +5 ring of evasion (left hand)
 g - a +4 ring of protection (right hand)
 J - a ring of willpower
 L - a ring of magical power
 N - a +4 ring of protection
Wands
 k - a wand of charming (14)
 r - a wand of flame (31)
 A - a wand of polymorph (14)
 D - a wand of digging (7)
 K - a wand of iceblast (1)
Scrolls
 c - a scroll of acquirement {unknown}
 f - 6 scrolls of revelation
 h - 4 scrolls of immolation
 i - 2 scrolls of identify
 m - 2 scrolls of vulnerability
 p - 3 scrolls of poison
 s - 4 scrolls of enchant weapon
 t - 3 scrolls of teleportation
 u - a scroll of butterflies {unknown}
 y - 2 scrolls of noise {unknown}
 F - a scroll of silence {unknown}
 G - a scroll of enchant armour
 M - 2 scrolls of amnesia {unknown}
Potions
 e - 2 potions of attraction
 j - 3 potions of enlightenment
 n - a potion of lignification
 o - 4 potions of mutation
 q - 2 potions of curing
 x - a potion of brilliance {unknown}
 B - a potion of ambrosia
 O - a potion of heal wounds {unknown}
Miscellaneous
 H - a phial of floods


   Skills:
 + Level 8.6 Fighting
 - Level 9.2(10.5) Short Blades
 * Level 7.8(9.8) Long Blades
 - Level 5.4 Throwing
 + Level 6.4 Armour
 + Level 7.4 Dodging
 + Level 4.6 Evocations


You had 11 spell levels left.
You didn't know any spells.
Your spell library contained the following spells:

 Spells                   Type           Power      Damage    Failure   Level
 Apportation              Tloc           0%         N/A       41%         1
 Magic Dart               Conj           0%         1d3       41%         1
 Momentum Strike          Conj/Tloc      0%         3d8       54%         2
 Searing Ray              Conj           0%         2d4       54%         2
 Gell's Gravitas          Tloc           0%         N/A       78%         3
 Teleport Other           Tloc           0%         N/A       78%         3
 Fulminant Prism          Conj/Hex       0%         3d5       99%         4
 Yara's Violent Unravell  Hex/Tmut       0%         3d3       100%        5
 Dispersal                Tloc           0%         N/A       100%        6


Dungeon Overview and Level Annotations

Branches:
Dungeon (9/15)             Temple (1/1) D:6            Lair (2/5) D:9
  IceCv (1/1)
  Swamp: Lair:2-3    Shoals: Lair:2-3     Snake: Lair:2-3    Spider: Lair:2-3
    Orc: D:9-12

Altars:
Ashenzari
Cheibriados
Dithmenos
Fedhas
Gozag
Hepliaklqana
Kikubaaqudgha
Makhleb
Nemelex Xobeh
Okawaru
Qazlal
Ru
Sif Muna
Trog
Uskayaw
Vehumet
Wu Jian
Xom
Yredelemnul

Shops:
D:3 ?   D:8 =

Annotations:
D:8 1 runed translucent door IceCv 1 transporter, exclusion: 2 ice statues


Innate Abilities, Weirdness & Mutations

You have a pair of small horns on your head.
You regenerate a little health from kills.
When seriously injured, your blood forms armour. (AC +6)
Spells you cast may paralyse adjacent enemies.


Message History

You feel less invigorated.
You feel less confused.
The ice statue gestures.
The ice beast misses you. The ice beast closely misses you.
You regained 5 hp, and now have 36/94 hp.
You are confused.
You feel invigorated.
The ice beast hits you but does no damage.
The ice beast misses you.
You regained 5 hp, and now have 41/94 hp.
You slash the ice beast!
You melt the ice beast.
You headbutt the ice beast.
The ice beast is heavily wounded.
The ice statue glitters chillingly in the dim dungeon light.
The ice statue gestures at you.
The freezing blast engulfs the ice beast.
The ice beast completely resists.
The ice beast hits you but does no damage. x2
You regained 4 hp, and now have 45/94 hp.
You slice the ice beast!!
You melt the ice beast.
You kill the ice beast!
The ice beast disappears in a puff of smoke!
You are engulfed in freezing vapours.
The ice beast hits you but does no damage.
The ice statue gestures.
The ice statue gestures at you. The bolt of cold hits you.
The ice beast barely misses you.
You are engulfed in freezing vapours.
The ice beast barely misses you.
The ice statue gestures.
The ice beast attacks as it pursues you!
The ice beast barely misses you.
You take 8 damage, and have 37/94 hp.
You are engulfed in freezing vapours.
* * * LOW HITPOINT WARNING * * *
The ice beast hits you.
* * * LOW HITPOINT WARNING * * *
The ice beast freezes you!
* * * LOW HITPOINT WARNING * * *
You take 23 damage, and have 14/94 hp.
MASSIVE DAMAGE!!
The ice statue gestures at you. The bolt of cold hits you!!
You die...

### ##### #©.##
###...####
#..8####........##
#...8##..........##
#8...8#...........##
#.....#....8.......#
#)!Y..#8...........#
#([..©#©©()......∩∩#
#$YY@.#8.(.........#
#○°☼Y.#.(..8.......#
#8○○.8#...........##
#○°°8##..........##
#..8####........##
#∩.## ###...####
#### ####


You could see 2 ice statues and 4 ice beasts.

Vanquished Creatures
  A hydra (D:9)
  Erica (D:8)
  A boulder beetle (D:9)
  The ghost of kae the Severer, a novice HOFi of Qazlal (D:9)
  5 death yaks (Lair:1)
  Pikel (D:5)
  An ugly thing (IceCv)
  A komodo dragon (Lair:2)
  A freezing wraith (IceCv)
  A hornet (D:9)
  Grinder (D:4)
  3 blink frogs (Lair:1)
  A shadow (D:8)
  A wraith (D:9)
  20 yaks
  4 steam dragons
  3 wyverns (D:9)
  2 basilisks (Lair:1)
  A death yak simulacrum (IceCv)
  A water moccasin (Lair:1)
  3 wargs (D:9)
  An orc warrior (D:9)
  An ice beast (D:7)
  A sky beast (D:6)
  2 ogres (D:5)
  6 centaurs
  A phantom (D:5)
  A lemure (D:5)
  Blork the orc (D:5)
  8 bullfrogs
  4 scorpions
  5 wights (D:8)
  15 killer bees
  A howler monkey (D:4)
  2 orc priests
  A gnoll bouda (D:7)
  3 hounds (D:5)
  A sleepcap (D:7)
  Ijyb (D:4)
  3 iguanas
  4 orc wizards
  A polar bear simulacrum (IceCv)
  A wolf simulacrum (IceCv)
  11 gnolls
  3 adders
  A shadow imp (D:7)
  13 white imps
  2 ufetubi (D:7)
  2 dart slugs (D:1)
  31 orcs
  4 bats
  7 endoplasms
  4 giant cockroaches
  12 goblins
  7 hobgoblins
  7 kobolds
  3 quokkas
  11 ball pythons
  2 frilled lizards
  A goblin zombie (D:8)
  4 rats
243 creatures vanquished.

Notes
Turn   | Place    | Note
-------+----------+-------------------------------------------
     0 | D:1      | Dirtsage the Demonspawn Berserker began the quest for the
                  | Orb.
     0 | D:1      | Reached XP level 1. HP: 18/18 MP: 1/1
    33 | D:1      | Reached skill level 3 in Short Blades
    38 | D:1      | Gained mutation: Spells you cast may paralyse adjacent
                  | enemies. [demonic ancestry]
    38 | D:1      | Reached XP level 2. HP: 21/24 MP: 2/2
   449 | D:1      | Reached XP level 3. HP: 29/29 MP: 3/3
   466 | D:1      | Reached ** piety under Trog
   790 | D:2      | Reached skill level 4 in Short Blades
  1522 | D:3      | Found Coappunu's Magic Scroll Emporium.
  1526 | D:3      | Bought a scroll of teleportation for 30 gold pieces
  1526 | D:3      | Bought a scroll of identify for 20 gold pieces
  1526 | D:3      | Bought a scroll of identify for 20 gold pieces
  1526 | D:3      | Bought a scroll of identify for 20 gold pieces
  1704 | D:3      | Found a radiant altar of Vehumet.
  1704 | D:3      | Found a hazy altar of Hepliaklqana.
  1793 | D:3      | Gained mutation: You regenerate a little health from kills.
                  | [demonic ancestry]
  1793 | D:3      | Reached XP level 4. HP: 35/35 MP: 4/4
  1977 | D:4      | Noticed Grinder
  1989 | D:4      | Killed Grinder
  1990 | D:4      | Reached skill level 6 in Short Blades
  1990 | D:4      | Gained mutation: You have a pair of small horns on your
                  | head. [demonic ancestry]
  1990 | D:4      | Reached XP level 5. HP: 41/41 MP: 5/5
  2087 | D:4      | Gained mutation: When seriously injured, your blood forms
                  | armour. (AC +6) [demonic ancestry]
  2087 | D:4      | Reached XP level 6. HP: 47/47 MP: 6/6
  2367 | D:4      | Identified the +2 leather armour of Sin {Will+ Str+4 Dex+4}
  2459 | D:4      | Reached skill level 1 in Throwing
  2605 | D:4      | Reached *** piety under Trog
  2623 | D:4      | Noticed Ijyb
  2661 | D:4      | Killed Ijyb
  2758 | D:5      | Identified the of Geniw
  2758 | D:5      | Entered Level 5 of the Dungeon
  2764 | D:5      | Reached XP level 7. HP: 52/52 MP: 7/7
  2822 | D:5      | Found a broken altar of Ashenzari.
  2822 | D:5      | Found a sacrificial altar of Ru.
  2880 | D:5      | Noticed Pikel
  2937 | D:5      | Killed Pikel
  2938 | D:5      | Reached skill level 7 in Short Blades
  2938 | D:5      | Reached XP level 8. HP: 47/61 MP: 8/8
  3412 | D:5      | Reached skill level 8 in Short Blades
  3667 | D:5      | Noticed Blork the orc
  3673 | D:5      | Killed Blork the orc
  3921 | D:6      | Reached skill level 5 in Fighting
  3998 | D:6      | Noticed a +0 dagger
  3999 | D:6      | Noticed a +0 dagger
  4002 | D:6      | Found a hide-covered altar of Uskayaw.
  4036 | D:6      | Found a snail-covered altar of Cheibriados.
  4210 | D:6      | Found an ornate altar of the Wu Jian Council.
  4235 | D:6      | Found a staircase to the Ecumenical Temple.
  4246 | Temple   | Entered the Ecumenical Temple
  4280 | D:6      | Found a blossoming altar of Fedhas.
  4424 | D:6      | Reached XP level 9. HP: 58/68 MP: 9/9
  4940 | D:8      | Found Zeugaz's One-of-a-Kind Rings.
  4961 | D:8      | Noticed Erica
  4976 | D:8      | Killed Erica
  4977 | D:8      | Reached skill level 9 in Short Blades
  5012 | D:8      | Reached skill level 5 in Dodging
  5025 | D:8      | Reached **** piety under Trog
  5093 | D:8      | Found a runed translucent door.
  5306 | D:7      | Reached skill level 1 in Long Blades
  5565 | D:7      | Found a burning altar of Makhleb.
  5565 | D:7      | Noticed a balrug
  5568 | D:7      | Noticed a hellwing
  6085 | D:7      | Found a stormy altar of Qazlal.
  6643 | D:8      | Found a basalt altar of Yredelemnul.
  6921 | D:8      | Reached XP level 10. HP: 77/77 MP: 10/10
  7173 | D:9      | Reached skill level 5 in Throwing
  7404 | D:9      | Found a staircase to the Lair.
  7452 | D:9      | Found a runed translucent door.
  7452 | D:9      | Noticed kae's ghost (novice HOFi)
  7464 | D:9      | Killed kae's ghost
  7644 | D:9      | Reached skill level 1 in Evocations
  7644 | D:9      | Noticed a six-headed hydra
  7647 | D:9      | Noticed a boulder beetle
  7660 | D:9      | Killed a one-headed hydra
  7661 | D:9      | Reached skill level 5 in Long Blades
  7670 | D:9      | Killed a boulder beetle
  7671 | D:9      | Reached skill level 5 in Armour
  7707 | D:9      | Reached XP level 11. HP: 56/84 MP: 11/11
  7795 | D:9      | Found a hazy altar of Hepliaklqana.
  8041 | Lair:1   | Entered Level 1 of the Lair of Beasts
  8264 | Lair:1   | Noticed a death yak
  8289 | Lair:1   | Reached ***** piety under Trog
  8294 | Lair:1   | Noticed a death yak
  8295 | Lair:1   | Noticed a death yak
  8296 | Lair:1   | Noticed a death yak
  8304 | Lair:1   | Killed a death yak
  8311 | Lair:1   | Killed a death yak
  8352 | Lair:1   | Noticed a death yak
  8369 | Lair:1   | Killed a death yak
  8372 | Lair:1   | Killed a death yak
  8388 | Lair:1   | Killed a death yak
  8678 | Lair:1   | Found a sacrificial altar of Ru.
  8822 | Lair:1   | You fall into a shaft and drop 1 floor!
  8927 | Lair:2   | Found a frozen archway.
  8987 | IceCv    | Entered an ice cave
  8987 | IceCv    | Noticed a white ugly thing
  8995 | IceCv    | Reached XP level 12. HP: 94/94 MP: 12/12
  9046 | IceCv    | Found a transporter.
  9053 | IceCv    | Found a transporter.
  9086 | IceCv    | Killed from afar by an ice statue

Illustrated notes

Levels and vault maps discovered:
D:1:      roadster_arrival_rocket_small, layout_basic
D:2:      layout_loops_cross, minmay_misc_feat_five
D:3:      layout_basic, amethyst_overflow_temple_binary, serial_shops, shop
D:4:      cheibrodos_old_hovel, layout_basic, serial_bayou_lake_a, uniq_ijyb,
          uniq_grinder
D:5:      layout_gridville, jmf_multi_god_temple, st_stairs_10,
          grunt_ministairs_1, uniq_pikel, uniq_blork_the_orc
D:6:      layout_basic, dancing_weapons_uskayaw,
          mainiacjoe_overflow_cross_hatched, nicolae_wu_jian_glorious_leap,
          fedhas_altar_4, minmay_temple_entry_offerings,
          hangedman_abyss_or_decor_jellyfish_corner
D:7:      layout_layer_cave, general_overflow_altar, makhleb_altar_promises_db,
          grunt_decor_one_mirror
D:8:      layout_basic, dk_yredelemnul_ordeal, nicolae_shop_unique_rings,
          minivault_11, chequers_serial_rivers_micro_e, uniq_erica
D:9:      layout_rooms, erik_lair_orcish_takeover, gammafunk_ghost_grave,
          grunt_decor_cap, minmay_ruined_shrine
Temple:   bh_familiar_temple
Lair:1:   lemuel_slime, layout_concentric_octagons, basic_altar
Lair:2:   layout_misc_corridors, nicolae_spider_entry_tight_spaces,
          portal_ice_cave_entry_imps
IceCv:    ice_cave_statue_garden_transporter

Skill      XL: |  1  2  3  4  5  6  7  8  9 10 11 |
---------------+----------------------------------+-----
Short Blades   | 3 4 6 7 8 9 |  9.2
Dodging        | 2 3 4 5 6 7 |  7.4
Throwing       | 1 2 3 4 5 |  5.4
Fighting       | 4 5 6 7 8 |  8.6
Armour         | 2 3 5 6 |  6.4
Long Blades    | 2 5 7 |  7.8
Evocations     | 2 4 |  4.6

Action                     |  1- 3 |  4- 6 |  7- 9 | 10-12 || total
---------------------------+-------+-------+-------+-------++-------
  Melee: Short sword       |    20 |       |       |       ||    20
         Dagger            |   120 |   171 |   357 |       ||   648
         Headbutt          |       |    35 |   108 |    92 ||   235
         Punch             |       |     4 |     4 |     5 ||    13
         Scimitar          |       |       |    66 |   387 ||   453
  Throw: Dart              |       |     4 |     2 |     1 ||     7
 Invoke: Berserk           |     1 |     1 |     3 |     6 ||    11
         Trog's Hand       |       |       |     1 |       ||     1
    Use: Scroll            |     7 |       |     3 |     2 ||    12
         Potion            |       |       |     1 |     3 ||     4
   Stab: Sleeping          |     3 |       |       |       ||     3
 Armour: Animal skin       |    20 |       |       |       ||    20
         Ring mail         |     9 |    16 |       |       ||    25
         Leather armour    |     6 |    36 |   123 |   169 ||   334
         Scale mail        |       |     9 |       |       ||     9
  Dodge: Dodged            |    87 |    76 |   272 |   290 ||   725
  Block: Other             |       |     8 |    66 |    63 ||   137
         Reflection        |       |       |     3 |     7 ||    10

Table legend: (Time is in decaauts)
 A = Elapsed time spent in this place.
 B = Non-inter-level travel time spent in this place.
 C = Inter-level travel time spent in this place.
 D = Time resting spent in this place.
 E = Time spent auto-exploring this place.
 F = Levels seen in this place.
 G = Mean time per level.
                   A        B        C        D        E       F      G
               +--------+--------+--------+--------+--------+-----+--------+
         Total |   8942 |   8639 |    303 |    173 |   6336 |  13 |  687.8 |
       Dungeon |   7888 |   7585 |    303 |     84 |   5832 |   9 |  876.4 |
        Temple |      1 |      1 |      0 |      0 |      0 |   1 |    1.0 |
          Lair |    950 |    950 |      0 |     40 |    503 |   2 |  475.0 |
      Ice Cave |    102 |    102 |      0 |     49 |      0 |   1 |  102.0 |
               +--------+--------+--------+--------+--------+-----+--------+

Top non-repeatable levels by time:
     D:7: 1331 daAuts
     D:8: 1226 daAuts
     D:5: 1088 daAuts
     D:9: 901 daAuts
  Lair:1: 790 daAuts
     D:4: 715 daAuts
     D:2: 673 daAuts
     D:1: 661 daAuts
     D:3: 651 daAuts
     D:6: 638 daAuts
  Lair:2: 160 daAuts
   IceCv: 102 daAuts
  Temple: 1 daAuts
